 Dungeon Crawl Stone Soup version 0.23.1-37-gaa34b87 (webtiles) character file.

Game seed: 407488380491203805

3798 kae the Martial Artist (level 9, 0/72 HPs)
             Began as a Demonspawn Skald on Mar 23, 2019.
             Was a Believer of Wu Jian.
             Slain by a manticore (10 damage)
             ... on level 9 of the Dungeon.
             The game lasted 00:09:38 (7600 turns).

kae the Martial Artist (Demonspawn Skald)           Turns: 7600, Time: 00:09:38

Health: 0/72       AC:  8    Str: 12    XL:     9   Next: 96%
Magic:  12/12      EV: 12    Int: 15    God:    Wu Jian [**....]
Gold:   391        SH:  0    Dex: 15    Spells: 11/12 levels left

rFire    . . .     SeeInvis .     - Unarmed
rCold    + . .     Gourm    .   (no shield)
rNeg     . . .     Faith    .   o - +1 leather armour
rPois    +         Spirit   .   z - +0 helmet
rElec    .         Reflect  .   w - +2 cloak
rCorr    .         Harm     .   (no gloves)
MR       +....                  (no boots)
Stlth    ++........             (no amulet)
HPRegen  0.22/turn              i - ring of stealth
MPRegen  0.13/turn              j - ring of poison resistance

@: no status effects
A: claws 1, cold resistance 1, demonic guardian 1, magic resistance 1, spiny 3
a: Wall Jump, Renounce Religion


You were on level 9 of the Dungeon.
You worshipped Wu Jian.
Wu Jian was pleased with you.
You were not hungry.

You visited 2 branches of the dungeon, and saw 10 of its levels.

You collected 391 gold pieces.

Inventory:

Hand Weapons
 a - a +2 hunting sling of flaming
Missiles
 p - 141 stones (quivered)
Armour
 o - a +1 leather armour (worn)
 w - a +2 cloak (worn)
 z - a +0 helmet (worn)
 B - a +0 buckler of protection
Jewellery
 i - a ring of stealth (left claw)
 j - a ring of poison resistance (right claw)
 t - an uncursed ring of positive energy
 A - an uncursed ring of ice
Wands
 h - a wand of flame (19)
 q - a wand of enslavement (10)
 v - a wand of digging (2)
 C - a wand of iceblast (10)
Scrolls
 b - 4 scrolls of remove curse
 d - 3 scrolls of teleportation
 g - 5 scrolls of identify
 y - a scroll of amnesia
 D - 5 scrolls of enchant weapon
Potions
 e - a potion of mutation
 f - 3 potions of haste
 k - a potion of ambrosia
 l - 2 potions of curing
 m - 3 potions of flight
 n - 2 potions of degeneration {unknown}
 r - 2 potions of heal wounds
 s - 2 potions of lignification {unknown}
 u - 3 potions of brilliance {unknown}
 x - a potion of magic {unknown}
Comestibles
 c - 16 rations
 E - a chunk of flesh


   Skills:
 + Level 7.4 Fighting
 - Level 0.8 Armour
 - Level 1.7 Dodging
 * Level 9.5 Unarmed Combat
 - Level 2.0 Spellcasting
 + Level 7.1 Charms


You had 11 spell levels left.
You knew the following spells:

 Your Spells              Type           Power        Failure   Level  Hunger
a - Infusion              Chrm           ###.         1%          1    #......

Your spell library contained the following spells:

 Spells                   Type           Power        Failure   Level  Hunger
 Song of Slaying          Chrm           ###.....     2%          2    ###....
 Shroud of Golubria       Chrm/Tloc      ##........   10%         2    ###....
 Regeneration             Chrm/Necr      ##........   21%         3    ###....
 Spectral Weapon          Hex/Chrm       ##......     21%         3    ###....
 Corona                   Hex            #......      28%         1    #......
 Magic Dart               Conj           #...         28%         1    #......
 Blink                    Tloc           N/A          38%         2    ###....
 Call Imp                 Summ           #.......     38%         2    ###....
 Ensorcelled Hibernation  Hex/Ice        #.....       38%         2    ###....
 Slow                     Hex            #.......     38%         2    ###....
 Confuse                  Hex            #.......     63%         3    ###....
 Conjure Flame            Conj/Fire      #.......     63%         3    ###....
 Dazzling Spray           Conj/Hex       #.....       63%         3    ###....
 Mephitic Cloud           Conj/Pois/Air  #.......     63%         3    ###....
 Tukima's Dance           Hex            #.......     63%         3    ###....


Dungeon Overview and Level Annotations

Branches:
Dungeon (9/15)             Temple (1/1) D:4
   Lair: D:8-11         Orc: D:9-12

Altars:
Ashenzari
Cheibriados
Dithmenos
Elyvilon
Gozag
Hepliaklqana
Kikubaaqudgha
Makhleb
Nemelex Xobeh
Okawaru
Qazlal
Ru
Sif Muna
Trog
Uskayaw
Vehumet
Wu Jian
Xom
Yredelemnul
Zin
The Shining One

Shops:
D:7 !


Innate Abilities, Weirdness & Mutations

You have sharp fingernails.
A weak demonic guardian rushes to your aid.
You are completely covered in sharp spines.
Your flesh is cold resistant. (rC+)
You are resistant to hostile enchantments. (MR+)


Message History

There is a stone staircase leading down here.
You climb downwards.
A manticore comes into view.
Found 17 arrows and a leather armour.
There is a stone staircase leading up here.
Unknown command.
You start resting.
The manticore is too close now for your liking.
The manticore bites you!! The manticore claws you. x2
You barely miss the manticore. The manticore is struck by your spines.
The manticore bites you! The manticore claws you!
* * * LOW HITPOINT WARNING * * *
The manticore claws you.
* * * LOW HITPOINT WARNING * * *
You scratch the manticore but do no damage.
The manticore is lightly wounded.
The manticore is struck by your spines. The manticore bites you!
* * * LOW HITPOINT WARNING * * *
The manticore claws you!
You die...

..... .... ...
... #.# #5#
###H#########
#(.<@........
........#########
..#######


You could see a manticore and a friendly iron imp.

Vanquished Creatures
  Maurice (D:8)
  Joseph (D:7)
  A hippogriff (D:3)
  A shadow (D:8)
  Grum (D:8)
  A hungry ghost (D:7)
  A vampire mosquito (D:8)
  A water moccasin (D:7)
  4 sky beasts
  A phantom (D:5)
  2 ogres
  2 centaurs
  3 wolves (D:8)
  3 bullfrogs (D:6)
  6 howler monkeys
  5 crimson imps
  A bullfrog zombie (D:5)
  2 jellies
  An orc priest (D:7)
  2 hounds
  An orc wizard (D:7)
  2 bullfrog skeletons
  5 worker ants
  3 hound zombies
  A hound skeleton (D:7)
  3 gnolls (D:4)
  12 adders
  3 shadow imps
  An ooze (D:1)
  3 adder skeletons
  An adder zombie (D:7)
  4 worms
  4 dart slugs
  6 leopard geckos
  10 orcs
  6 bats
  2 giant cockroaches (D:3)
  6 goblins
  4 hobgoblins
  13 jackals
  7 kobolds
  4 quokkas
  2 ball pythons
  4 frilled lizards
  3 quokka skeletons (D:4)
  5 rats
155 creatures vanquished.

Vanquished Creatures (collateral kills)
  An orc warrior (D:7)
  A necrophage (D:8)
  A wolf (D:8)
  A scorpion (D:5)
  A water moccasin skeleton (D:5)
  A howler monkey zombie (D:5)
  An adder skeleton (D:9)
  2 orcs (D:7)
9 creatures vanquished.

Grand Total: 164 creatures vanquished

Notes
Turn   | Place    | Note
-------+----------+-------------------------------------------
     0 | D:1      | kae the Demonspawn Skald began the quest for the Orb.
     0 | D:1      | Reached XP level 1. HP: 16/16 MP: 3/3
    75 | D:1      | Gained mutation: Your flesh is cold resistant. (rC+)
                  | [potion of mutation]
    75 | D:1      | Gained mutation: You are resistant to hostile enchantments.
                  | (MR+) [potion of mutation]
   102 | D:1      | Reached skill level 2 in Unarmed Combat
   120 | D:1      | Gained mutation: You are partially covered in sharp spines.
                  | [demonic ancestry]
   120 | D:1      | Reached XP level 2. HP: 13/22 MP: 0/5
   677 | D:1      | Found a sparkling altar of Nemelex Xobeh.
   972 | D:2      | Reached XP level 3. HP: 24/28 MP: 3/6
  1367 | D:2      | Reached skill level 3 in Unarmed Combat
  1494 | D:2      | Gained mutation: You have sharp fingernails. [demonic
                  | ancestry]
  1494 | D:2      | Reached XP level 4. HP: 34/34 MP: 4/7
  1552 | D:2      | Found a radiant altar of Vehumet.
  2271 | D:3      | Gained mutation: You are mostly covered in sharp spines.
                  | [demonic ancestry]
  2271 | D:3      | Reached XP level 5. HP: 41/41 MP: 8/8
  2631 | D:3      | Noticed a hippogriff
  2640 | D:3      | Killed a hippogriff
  2640 | D:3      | Reached skill level 4 in Unarmed Combat
  2640 | D:3      | Reached XP level 6. HP: 20/48 MP: 9/9
  3188 | D:4      | Found a staircase to the Ecumenical Temple.
  3296 | Temple   | Entered the Ecumenical Temple
  3501 | Temple   | Became a worshipper of the Wu Jian Council
  4314 | D:5      | Entered Level 5 of the Dungeon
  4325 | D:5      | Reached skill level 5 in Unarmed Combat
  4334 | D:5      | Gained mutation: A weak demonic guardian rushes to your
                  | aid. [demonic ancestry]
  4334 | D:5      | Reached XP level 7. HP: 49/54 MP: 5/10
  4522 | D:5      | Reached * piety under Wu Jian
  4864 | D:6      | Reached skill level 6 in Unarmed Combat
  4899 | D:6      | Gained mutation: You are completely covered in sharp
                  | spines. [demonic ancestry]
  4899 | D:6      | Reached XP level 8. HP: 60/61 MP: 11/11
  4908 | D:6      | Reached skill level 5 in Fighting
  4908 | D:6      | Reached skill level 5 in Charms
  5088 | D:6      | Reached skill level 7 in Unarmed Combat
  5403 | D:6      | Found a sparkling altar of Nemelex Xobeh.
  5403 | D:6      | Found a stormy altar of Qazlal.
  5646 | D:7      | Reached ** piety under Wu Jian
  5758 | D:7      | Reached XP level 9. HP: 44/69 MP: 12/12
  5913 | D:7      | Noticed Joseph
  5925 | D:7      | Killed Joseph
  5925 | D:7      | Reached skill level 8 in Unarmed Combat
  6356 | D:7      | Found Xaac's Distillery.
  6448 | D:8      | Found a basalt altar of Yredelemnul.
  6451 | D:8      | Noticed Grum
  6750 | D:8      | Killed Grum
  7059 | D:8      | Noticed Maurice
  7072 | D:8      | Found a shadowy altar of Dithmenos.
  7173 | D:8      | Reached skill level 9 in Unarmed Combat
  7516 | D:8      | Killed Maurice
  7538 | D:9      | Noticed a troll
  7592 | D:9      | Noticed a manticore
  7600 | D:9      | Slain by a manticore

Skill      XL: |  1  2  3  4  5  6  7  8  9 |
---------------+----------------------------+-----
Unarmed Combat | 2 3 4 5 6 7 9 |  9.5
Charms         | 3 4 6 7 |  7.1
Fighting       | 3 4 6 7 |  7.4
Armour         | |  0.8
Dodging        | |  1.7
Spellcasting   | |  2.0

Action                   |  1- 3 |  4- 6 |  7- 9 || total
-------------------------+-------+-------+-------++-------
Melee: Unarmed           |    82 |   112 |   230 ||   424
       Punch             |       |     4 |     3 ||     7
 Fire: Hunting sling     |       |     5 |    11 ||    16
Throw: Stone             |       |    17 |     7 ||    24
 Cast: Infusion          |    11 |     7 |     7 ||    25
Invok: Lunge             |       |     2 |    31 ||    33
       Whirlwind         |       |       |     4 ||     4
  Use: Potion            |     3 |       |     1 ||     4
       Scroll            |     5 |     1 |     3 ||     9
 Stab: Distracted        |       |     1 |     1 ||     2
       Sleeping          |       |       |     8 ||     8
  Eat: Chunk             |     2 |     8 |    12 ||    22
Armor: Leather armour    |    32 |    14 |    32 ||    78
Dodge: Dodged            |    69 |    55 |    84 ||   208
